 Dungeon Crawl Stone Soup version 0.28.0-53-g5a82cb258f (webtiles) character file.

Game seed: 4372621516913173347

35 Eitelfritz the Shield-Bearer (level 3, -1/30 HPs)
             Began as a Formicid Fighter on Aug 20, 2022.
             Slain by Terence
             ... wielding a +3 flail of holy wrath
              (11 damage)
             ... on level 2 of the Dungeon.
             The game lasted 00:01:59 (1564 turns).

Eitelfritz the Shield-Bearer (Formicid Fighter)     Turns: 1564, Time: 00:02:00

Health: -1/30      AC:  7    Str: 22    XL:     3   Next: 55%
Magic:  3/3        EV:  9    Int:  7    God:
Gold:   49         SH:  5    Dex: 16    Spells: 2/2 levels left

rFire   . . .      SeeInvis +   a - +0 flail
rCold   . . .      Faith    .   c - +0 buckler
rNeg    . . .      Spirit   .   b - +0 scale mail
rPois   .          Reflect  .   (helmet unavailable)
rElec   .          Harm     .   (no cloak)
rCorr   .          Rampage  .   (no gloves)
Will    .....                   (no boots)
Stlth   ..........              (no amulet)
HPRegen 0.10/turn               h - +6 ring of dexterity
MPRegen 0.08/turn               (no ring)

@: no status effects
A: permanent stasis, dig shafts and tunnels, antennae 3, four strong arms
a: Dig, Shaft Self


You were on level 2 of the Dungeon.
You visited 1 branch of the dungeon, and saw 2 of its levels.

You collected 49 gold pieces.

Inventory:

Hand Weapons
 a - a +0 flail (weapon)
Missiles
 e - 4 curare-tipped darts
Armour
 b - a +0 scale mail (worn)
 c - a +0 buckler (worn)
Jewellery
 h - a +6 ring of dexterity (left hand)
 i - a ring of magical power
Scrolls
 f - a scroll of torment {unknown}
 j - a scroll of magic mapping {unknown}
Potions
 d - a potion of might
 g - a potion of degeneration {unknown}


   Skills:
 + Level 3.6 Fighting
 + Level 2.5 Maces & Flails
 + Level 3.7 Armour
 + Level 0.1 Dodging
 + Level 4.0 Shields


You had 2 spell levels left.
You didn't know any spells.
Your spell library contained the following spells:

 Spells                   Type           Power      Damage    Failure   Level
 Ensorcelled Hibernation  Hex/Ice        0%         N/A       91%         2
 Spider Form              Tmut/Pois      0%         N/A       99%         3
 Anguish                  Hex/Necr       0%         N/A       100%        4


Dungeon Overview and Level Annotations

Branches:
Dungeon (2/15)

Altars:

Annotations:
D:2 Terence


Innate Abilities, Weirdness & Mutations

You cannot be hasted, slowed, berserked, paralysed or teleported.
You can dig through walls and to a lower floor.
You have a pair of large antennae on your head. (SInv)
Your four strong arms can wield two-handed weapons with a shield.


Message History

There is a stone staircase leading up here.
h - a +6 ring of dexterity You feel agile.
h - a +6 ring of dexterity (left hand)
Found a stone staircase leading up.
You sense a monster nearby.
A kobold comes into view. It is wielding a +0 short sword.
Found a scroll labelled POCUIC GANGEJ.
The kobold throws a stone.
The stone hits you but does no damage. The kobold hits you but does no damage.
You hit the kobold but do no damage. The kobold hits you but does no damage.
You closely miss the kobold. The kobold hits you but does no damage.
You sock the kobold!
You kill the kobold!
Things that are here:
a +0 short sword; 4 stones; a kobold corpse
i - a ring of magical power
Found a stone staircase leading down.
j - a scroll labelled POCUIC GANGEJ
Found a stone staircase leading up.
There is a stone staircase leading up here.
You sense a monster nearby.
Terence the Incautious comes into view.
He is wielding a +3 flail of holy wrath and wearing a +3 scale mail of cold resistance.
Terence shouts!
You see here a puce potion.
You closely miss Terence. Terence barely misses you.
You thump Terence!
Terence is moderately wounded.
You block Terence's attack.
You barely miss Terence.
Terence is moderately wounded.
Terence hits you with a +3 flail of holy wrath!
Terence hits you with a +3 flail of holy wrath.
You barely miss Terence.
Terence is moderately wounded.
Terence hits you with a +3 flail of holy wrath.
You hit Terence.
Terence is heavily wounded.
Terence hits you with a +3 flail of holy wrath!
You die...

#..##..##....#
#.......
####....###....#
#.......
#.......# ######
#.......
#.#####.##
##...##. #..###
##....# ..
##...###....
###........
#..####!..#..#..
#...@@.### .#
#...#### # #..#
{ #.


You could see Terence.

Vanquished Creatures
  5 bats (D:1)
  2 endoplasms (D:1)
  2 giant cockroaches (D:1)
  2 goblins (D:1)
  3 hobgoblins (D:1)
  3 jackals (D:1)
  5 ball pythons (D:1)
  3 frilled lizards (D:1)
  6 kobolds
  3 rats (D:1)
34 creatures vanquished.

Vanquished Creatures (others)
  7 plants (D:1)
7 creatures vanquished.

Grand Total: 41 creatures vanquished

Notes
Turn   | Place    | Note
-------+----------+-------------------------------------------
     0 | D:1      | Eitelfritz the Formicid Fighter began the quest for the
                  | Orb.
     0 | D:1      | Reached XP level 1. HP: 18/18 MP: 1/1
   366 | D:1      | Reached XP level 2. HP: 24/24 MP: 2/2
   810 | D:1      | Reached skill level 4 in Shields
   810 | D:1      | Reached XP level 3. HP: 27/29 MP: 3/3
  1557 | D:2      | Noticed Terence
  1564 | D:2      | Slain by Terence

Illustrated notes

Levels and vault maps discovered:
D:1:      scummos_arrival_forest, layout_basic, lexackson_kobold_supper
D:2:      kennysheep_the_goblin_king, layout_rooms,
          shapermc_ecumenical_altar_hornbeckon, uniq_terence

Skill      XL: |  1  2 |
---------------+-------+-----
Shields        | 4 |  4.0
Fighting       | |  3.6
Maces & Flails | |  2.5
Armour         | |  3.7
Dodging        | |  0.1

Action                   || total
-------------------------++-------
Melee: Flail             ||   106
Armor: Scale mail        ||    81
Dodge: Dodged            ||    60
Block: Buckler           ||    29
